 Dungeon Sprint DCSS version 0.22.1-1-ga44c0e56f4 (webtiles) character file.

7032 MuseOD the Unseen (level 10, -20/87 HPs)
             Began as a Spriggan Enchanter on Oct 1, 2018.
             Was a High Priest of Dithmenos.
             Demolished by a spriggan defender
             ... wielding a +0 dagger
              (24 damage)
             ... in the Dungeon (Sprint III: "The Ten Rune Challenge").
             The game lasted 00:05:18 (2364 turns).

MuseOD the Unseen (Spriggan Enchanter)              Turns: 2364, Time: 00:05:18

Health: -20/87     AC:  2    Str:  9    XL:     10   Next: 83%
Magic:  1/27       EV: 25    Int: 19    God:    Dithmenos [*****.]
Gold:   38         SH:  0    Dex: 18    Spells: 24/33 levels left

rFire    . . .     SeeInvis +   a - +1 dagger
rCold    . . .     Gourm    .   (shield restricted)
rNeg     . . .     Faith    .   b - +0 robe
rPois    .         Spirit   .   (helmet restricted)
rElec    .         Reflect  .   (no cloak)
rCorr    .         Harm     .   (gloves unavailable)
MR       +....     NoTele   +   (boots unavailable)
Stlth    ..........             (no amulet)
HPRegen  0.24/turn              (no ring)
MPRegen  0.20/turn              (no ring)

@: berserking, wreathed by umbra, very quick
A: very small, unfitting armour, see invisible, herbivore, speed 3, slow
metabolism 2
a: Shadow Step, Shadow Form, Renounce Religion


You were in the Dungeon.
You worshipped Dithmenos.
Dithmenos was extremely pleased with you.
You were not hungry.

You visited 1 branch You collected 38 gold pieces.

Inventory:

Hand Weapons
 a - a +1 dagger (weapon)
Armour
 b - a +0 robe (worn)
Scrolls
 j - a scroll of blinking
 k - 3 scrolls of immolation {unknown}
 l - 3 scrolls of remove curse
 m - a scroll of enchant armour {unknown}
 n - a scroll of torment {unknown}
 o - 2 scrolls of identify
Potions
 c - a potion of agility {unknown}
 e - 2 potions of curing
 g - a potion of haste
 h - 2 potions of magic
 p - a potion of flight {unknown}
 q - 7 potions of mutation
Comestibles
 d - 4 rations


   Skills:
 + Level 9.1 Fighting
 * Level 15.8 Short Blades
 + Level 9.1 Dodging
 + Level 16.4 Stealth
 + Level 12.0 Spellcasting
 + Level 12.3 Hexes


You had 24 spell levels left.
You knew the following spells:

 Your Spells              Type           Power        Failure   Level  Hunger
a - Corona                Hex            ######.      1%          1    None
b - Ensorcelled Hibernat  Hex/Ice        ####..       1%          2    None
c - Confuse               Hex            ######..     1%          3    None
d - Dazzling Spray        Conj/Hex       ####..       1%          3    None

Your spell library contained the following spells:

 Spells                   Type           Power        Failure   Level  Hunger
 Confusing Touch          Hex            ######       1%          1    None
 Tukima's Dance           Hex            ######..     1%          3    None
 Darkness                 Hex            ######....   6%          6    ######.
 Metabolic Englaciation   Hex/Ice        ####......   13%         5    ####...
 Silence                  Hex/Air        ####......   13%         5    ####...
 Yara's Violent Unravell  Hex/Tmut       ####......   13%         5    ####...
 Gell's Gravitas          Tloc           ##........   19%         3    None
 Petrify                  Tmut/Erth      ##......     52%         4    ##.....
 Borgnjor's Vile Clutch   Necr/Erth      ##........   86%         5    ####...
 Shadow Creatures         Summ           N/A          100%        6    ######.


Dungeon Overview and Level Annotations

Branches:
Dungeon (1/1)

Altars:
Dithmenos
Elyvilon
Kikubaaqudgha
Okawaru
Ru
Sif Muna
Trog
Uskayaw
Vehumet
Wu Jian
Yredelemnul
Zin
The Shining One
Beogh


Innate Abilities, Weirdness & Mutations

You are very small and have problems with some larger weapons.
You are too small for most types of armour.
You have supernaturally acute eyesight. (SInv)
You are a herbivore.
You cover ground extremely quickly.
You need to consume almost no food.


Message History

Press: ? - help, Shift-Dir - straight line, f/p - spriggan defender
Aim: a spriggan defender, wielding a dagger (lightly wounded, umbra, chance to
Okay, then.
Casting: Confuse (safe; 1% risk of failure)
Confirm with . or Enter, or press ? or * to list all spells.
Aiming: Dazzling Spray (safe; 1% risk of failure)
Press: ? - help, Shift-Dir - straight line, f/p - spriggan defender
Aim: a spriggan defender, wielding a dagger (lightly wounded, umbra)
The spray of energy misses the spriggan defender.
The spriggan defender hits you with a dagger!
* * * LOW HITPOINT WARNING * * *
You open the door.
The spriggan defender hits you with a dagger.
* * * LOW HITPOINT WARNING * * *
The spriggan defender misses you.
There is an open door here.
A red film seems to cover your vision as you go berserk!
You feel yourself moving faster!
You feel mighty!
The spriggan defender hits you with a dagger!!
You die...

#)..#.#≈≈≈#
#####.#.§≈§#
#...P†# #≈≈§§
#..P)P# .≈§§
#...PP# #≈§
#....P# .§ #'#####
## #.....+ ##.#
#.#############@.+
#.#%PP§....)..i..#
#.#PP.)...########
#.#P....###
#.#§..###
#.#o###§§
#.#§#§§§§§#
#.#.....§.#
#.#§...§..#


You could see a spriggan defender.

Vanquished Creatures
  Dowan (D)
  2 yaktaur captains (D)
  Erolcha (D)
  A deep elf mage (D)
  Duvessa (D)
  A yaktaur (D)
  3 spriggan defenders (D)
  An orc high priest (D)
  2 redbacks (D)
  A shadow (D)
  A necrophage (D)
  5 two-headed ogres (D)
  A scorpion (D)
  A jelly (D)
  2 orc priests (D)
  A wizard (D)
  A necromancer (D)
  3 humans (D)
  A kobold demonologist (D)
  2 oozes (D)
  2 rats (D)
34 creatures vanquished.

Vanquished Creatures (others)
  2 draconian scorchers (D)
  6 hellions (D)
  2 yaktaurs (D)
  3 plants (D)
13 creatures vanquished.

Grand Total: 47 creatures vanquished

Notes
Turn   | Place    | Note
-------+----------+-------------------------------------------
     0 | D        | MuseOD the Spriggan Enchanter began the quest for the Orb.
     0 | D        | Reached XP level 1. HP: 9/9 MP: 5/5
     9 | D        | Reached skill level 1 in Fighting
     9 | D        | Reached skill level 5 in Stealth
    30 | D        | Reached XP level 2. HP: 4/14 MP: 6/6
    34 | D        | Learned a level 2 spell: Ensorcelled Hibernation
   101 | D        | Killed a hellion
   103 | D        | Killed a hellion
   103 | D        | Killed a hellion
   103 | D        | Killed a hellion
   105 | D        | Killed a hellion
   105 | D        | Killed a hellion
   170 | D        | Killed a white draconian scorcher
   192 | D        | Killed a white draconian scorcher
   225 | D        | Killed a yaktaur
   366 | D        | Reached skill level 6 in Stealth
   366 | D        | Reached XP level 3. HP: 7/18 MP: 2/8
   371 | D        | Learned a level 3 spell: Confuse
   554 | D        | Noticed a scorpion
   561 | D        | Killed a scorpion
   561 | D        | Reached skill level 7 in Stealth
   561 | D        | Reached XP level 4. HP: 24/24 MP: 6/9
   594 | D        | Noticed a water elemental
   624 | D        | Found a basalt altar of Yredelemnul.
   624 | D        | Found a shadowy altar of Dithmenos.
   624 | D        | Found a sacrificial altar of Ru.
   624 | D        | Noticed a necrophage
   635 | D        | Killed a necrophage
   635 | D        | Reached skill level 8 in Stealth
   635 | D        | Reached XP level 5. HP: 29/29 MP: 0/12
   640 | D        | Reached skill level 9 in Stealth
   640 | D        | Reached skill level 5 in Hexes
   645 | D        | Became a worshipper of Dithmenos the Shadowed
   679 | D        | Learned a level 3 spell: Dazzling Spray
   723 | D        | Found a glowing silver altar of Zin.
   723 | D        | Found a glowing golden altar of the Shining One.
   723 | D        | Found a white marble altar of Elyvilon.
   723 | D        | Noticed a deep elf mage
   731 | D        | Killed a deep elf mage
   731 | D        | Reached skill level 5 in Fighting
   731 | D        | Reached skill level 10 in Short Blades
   731 | D        | Reached skill level 11 in Stealth
   731 | D        | Reached XP level 6. HP: 29/35 MP: 9/16
   731 | D        | Reached XP level 7. HP: 32/39 MP: 9/17
   788 | D        | Found a hide-covered altar of Uskayaw.
   788 | D        | Found a roughly hewn altar of Beogh.
   788 | D        | Found an iron altar of Okawaru.
   788 | D        | Found a bloodstained altar of Trog.
   788 | D        | Found an ornate altar of the Wu Jian Council.
   788 | D        | Noticed a human
   788 | D        | Noticed a human
   791 | D        | Killed a human
   794 | D        | Killed a human
   794 | D        | Reached * piety under Dithmenos
   794 | D        | Reached skill level 12 in Stealth
   831 | D        | Found a radiant altar of Vehumet.
   831 | D        | Found a deep blue altar of Sif Muna.
   831 | D        | Found an ancient bone altar of Kikubaaqudgha.
   957 | D        | Noticed a shadow
   959 | D        | Killed a shadow
   959 | D        | Reached ** piety under Dithmenos
   959 | D        | Reached XP level 8. HP: 44/44 MP: 20/20
  1023 | D        | Reached *** piety under Dithmenos
  1268 | D        | Noticed a two-headed ogre
  1271 | D        | Killed a two-headed ogre
  1271 | D        | Reached skill level 13 in Stealth
  1275 | D        | Noticed a two-headed ogre
  1275 | D        | Noticed Erolcha
  1277 | D        | Killed Erolcha
  1277 | D        | Reached skill level 14 in Stealth
  1277 | D        | Reached skill level 10 in Hexes
  1277 | D        | Reached XP level 9. HP: 50/50 MP: 21/23
  1278 | D        | Killed a two-headed ogre
  1278 | D        | Reached skill level 10 in Spellcasting
  1301 | D        | Reached **** piety under Dithmenos
  1572 | D        | Noticed Dowan
  1572 | D        | Noticed Duvessa
  1572 | D        | Killed a yaktaur
  1574 | D        | Killed Dowan
  1574 | D        | Reached skill level 15 in Stealth
  1574 | D        | Reached XP level 10. HP: 52/56 MP: 20/25
  1606 | D        | Killed Duvessa
  1864 | D        | Noticed a yaktaur captain
  1865 | D        | Noticed a yaktaur captain
  1865 | D        | Killed a yaktaur captain
  1865 | D        | Reached skill level 15 in Short Blades
  1866 | D        | Reached ***** piety under Dithmenos
  2025 | D        | Killed a yaktaur captain
  2025 | D        | Reached skill level 16 in Stealth
  2037 | D        | Noticed an orange demon
  2364 | D        | Demolished by a spriggan defender

Skill      XL: |  1  2  3  4  5  6  7  8  9 10 |
---------------+-------------------------------+-----
Fighting       | 1 2 3 5 6 7 8 9 |  9.1
Short Blades   | 3 4 6 7 10 11 13 14 15 | 15.8
Stealth        | 5 6 7 8 11 12 14 15 16 | 16.4
Spellcasting   | 4 6 7 9 10 12 | 12.0
Hexes          | 4 7 8 10 11 12 | 12.3
Dodging        | 6 9 |  9.1

Action                   |  1- 3 |  4- 6 |  7- 9 | 10-12 || total
-------------------------+-------+-------+-------+-------++-------
Melee: Dagger            |    37 |    17 |    17 |    27 ||    98
 Cast: Ensorcelled Hiber |     5 |       |    13 |     3 ||    21
       Confuse           |       |     3 |     2 |    13 ||    18
       Dazzling Spray    |       |       |       |     5 ||     5
Invok: Shadow Step       |       |       |     1 |     1 ||     2
  Use: Potion            |       |     1 |       |     3 ||     4
 Stab: Sleeping          |     3 |       |    13 |     3 ||    19
       Confused          |       |     1 |     2 |       ||     3
       Held in net/web   |       |       |       |     5 ||     5
       Invisible         |       |       |       |     2 ||     2
Armor: Robe              |     5 |       |       |       ||     5
Dodge: Dodged            |    18 |     7 |     6 |    19 ||    50
